 Dungeon Crawl Stone Soup version 0.27-a0-538-g15ff5c5295 (webtiles) character file.

Game seed: 14690912348083740406

1983 sahdkjhfkaj the Destroyer (level 9, 0/41 (45) HPs)
             Began as a Tengu Conjurer on Mar 6, 2021.
             Slain by a wight
             ... wielding a +0 trident
              (1 damage)
             ... on level 7 of the Dungeon.
             The game lasted 00:10:38 (7178 turns).

sahdkjhfkaj the Destroyer (Tengu Conjurer)          Turns: 7178, Time: 00:10:38

HP:   0/41 (45)     AC:  1    Str:  9    XL:     9   Next: 20%
MP:   13/17         EV: 15    Int: 22    God:
Gold: 330           SH:  0    Dex: 19    Spells: 4/18 levels left

rFire    . . .     SeeInvis .   a - +1 dagger (drain)
rCold    + . .     Faith    .   (no shield)
rNeg     . . .     Spirit   .   l - +0 robe
rPois    .         Reflect  .   (helmet restricted)
rElec    .         Harm     .   (no cloak)
rCorr    +         Rampage  .   (no gloves)
Will     .....                  (boots unavailable)
Stlth    ++........             (no amulet)
HPRegen  0.13/turn              c - ring of resist corrosion
MPRegen  0.15/turn              C - +6 ring of dexterity

@: drained
A: beak, talons 3, cold resistance 1, deformed body, strong 1, evolution 1, able
to fly
a: Fly


You were on level 7 of the Dungeon.
You visited 1 branch of the dungeon, and saw 7 of its levels.

You collected 330 gold pieces.

Inventory:

Hand Weapons
 a - a +1 dagger of draining (weapon)
Armour
 l - a +0 robe (worn)
 B - a +0 buckler
Jewellery
 c - a ring of resist corrosion (left hand)
 n - a ring of ice
 C - a +6 ring of dexterity (right hand)
Wands
 q - a wand of paralysis (17)
 v - a wand of random effects (11)
 x - a wand of flame (16)
 y - a wand of iceblast (8)
Scrolls
 b - 4 scrolls of enchant weapon {unknown}
 d - 2 scrolls of blinking {unknown}
 g - a scroll of enchant armour {unknown}
 h - 3 scrolls of magic mapping {unknown}
 j - 3 scrolls of amnesia {unknown}
 k - 3 scrolls of fear {unknown}
 r - a scroll of random uselessness {unknown}
 s - 2 scrolls of teleportation {unknown}
 z - 2 scrolls of identify
 A - a scroll of fog {unknown}
Potions
 e - 2 potions of heal wounds
 f - 2 potions of mutation
 i - a potion of curing
 m - a potion of attraction
 o - 3 potions of brilliance
 p - a potion of magic
 t - 2 potions of lignification
 u - 2 potions of might {unknown}
 w - a potion of cancellation {unknown}


   Skills:
 - Level 5.0 Dodging
 - Level 2.0 Stealth
 - Level 5.1 Spellcasting
 - Level 8.7 Conjurations
 + Level 3.3 Transmutations
 - Level 4.0 Invocations
 - Level 5.0 Evocations


You had 4 spell levels left.
You knew the following spells:

 Your Spells              Type           Power      Damage    Failure   Level
a - Magic Dart            Conj           100%       1d8       1%          1
b - Searing Ray           Conj           86%        3d6       1%          2
f - Fulminant Prism       Conj/Hex       12%        3d9       17%         4
A - Blade Hands           Tmut           10%        N/A       56%         5
T - Wereblood             Tmut           20%        N/A       3%          2

Your spell library contained the following spells:

 Spells                   Type           Power      Damage    Failure   Level
 Beastly Appendage        Tmut           40%        N/A       2%          1
 Dazzling Flash           Conj/Hex       48%        N/A       4%          3
 Spider Form              Tmut/Pois      6%         N/A       16%         3
 Iskenderun's Mystic Bla  Conj/Tloc      24%        2d7       17%         4
 Ice Form                 Ice/Tmut       12%        N/A       45%         4


Dungeon Overview and Level Annotations

Branches:
Dungeon (7/15)
 Temple: D:4-7

Altars:
Cheibriados

Shops:
D:6 [

Annotations:
D:6 3 runed translucent doors, jasper's ghost, novice OpCj


Innate Abilities, Weirdness & Mutations

You have a beak for a mouth.
You have claws for feet.
You can fly continuously.
Your flesh is cold resistant. (rC+)
Armour fits poorly on your strangely shaped body.
Your muscles are strong. (Str +2)
You evolve.


Message History

Your life force feels restored.
Magic restored.
Key pressed, stopping explore.
HP restored.
Things that are here:
a +4 great sword; a +0 robe
There is a stone staircase leading down here.
You climb downwards.
The wight misses you.
There is a stone staircase leading up, spattered with blood here.
Casting: Searing Ray (safe; 1% risk of failure)
Confirm with . or Enter, or press ? or * to list all spells.
Aiming: Searing Ray (safe; 1% risk of failure)
Press: ? - help, Shift-Dir - straight line, f - wight
Aim: a wight, wielding a +0 halberd and wearing a +0 robe (18% to evade)
The searing ray hits the wight.
The wight is moderately damaged.
The searing ray hits the wight!
The wight is heavily damaged. (Press . to maintain the ray.)
The wight hits you from afar with a +0 halberd!
You feel drained.
Unknown command.
The searing ray hits the wight.
The wight is heavily damaged.
The searing ray hits the wight!
You destroy the wight!
The wight hits you from afar with a +0 halberd!
The wight hits you from afar with a +0 trident.
Your life force feels restored.
The searing ray hits the wight.
The wight is heavily damaged.
The wight misses you. x2
Unknown command.
The wight hits you from afar with a +0 trident.
* * * LOW HITPOINT WARNING * * *
You feel drained. The wight barely misses you.
The wight hits you with a +0 trident!
* * * LOW HITPOINT WARNING * * *
You feel drained.
You die...

#######
+.....#
#..@..#
+zz...###
#<.......
#..........
'..........
##....#.....
.....+.....
#######.....


You could see 2 wights.

Vanquished Creatures
  Grinder (D:5)
  Sigmund (D:2)
  Eustachio (D:6)
  Duvessa (D:4)
  An orc warrior (D:6)
  An ice beast (D:6)
  2 ogres (D:5)
  2 bullfrogs
  Dowan (D:4)
  3 scorpions
  3 wights
  2 hounds
  A centaur skeleton (D:4)
  An orc priest (D:4)
  A bullfrog skeleton (D:4)
  An iguana (D:4)
  Ijyb (D:3)
  2 orc wizards (D:4)
  4 worker ants
  Robin (D:4)
  A worker ant zombie (D:5)
  3 adders
  3 gnolls (D:3)
  A white imp (D:5)
  2 ufetubi
  3 worms
  A dart slug (D:2)
  2 leopard geckos
  12 orcs
  2 ball pythons
  5 giant cockroaches
  18 goblins
  14 hobgoblins
  3 jackals (D:3)
  3 quokkas
  11 bats
  10 frilled lizards
  A jackal skeleton (D:4)
  7 kobolds
  9 rats
142 creatures vanquished.

Notes
Turn   | Place    | Note
-------+----------+-------------------------------------------
     0 | D:1      | sahdkjhfkaj the Tengu Conjurer began the quest for the Orb.
     0 | D:1      | Reached XP level 1. HP: 10/10 MP: 4/4
   219 | D:1      | Reached XP level 2. HP: 15/15 MP: 0/6
   261 | D:1      | Reached skill level 6 in Conjurations
   678 | D:1      | Learned a level 2 spell: Searing Ray
  1152 | D:2      | Reached XP level 3. HP: 19/19 MP: 2/7
  1304 | D:2      | Gained mutation: Armour fits poorly on your strangely
                  | shaped body. [potion of mutation]
  1304 | D:2      | Gained mutation: You evolve. [potion of mutation]
  1304 | D:2      | Gained mutation: Your muscles are strong. (Str +2) [potion
                  | of mutation]
  1481 | D:2      | Noticed Sigmund
  1489 | D:2      | Killed Sigmund
  1490 | D:2      | Reached skill level 7 in Conjurations
  1490 | D:2      | Reached XP level 4. HP: 24/24 MP: 1/11
  1490 | D:2      | Gained mutation: You can fly continuously. [Tengu growth]
  1490 | D:2      | Reached XP level 5. HP: 28/28 MP: 1/12
  1914 | D:2      | Reached XP level 6. HP: 32/32 MP: 8/13
  2321 | D:3      | You fall into a shaft and drop 1 floor!
  2404 | D:4      | Noticed Robin
  2408 | D:4      | Killed Robin
  2550 | D:4      | Noticed Dowan
  2556 | D:4      | Noticed Duvessa
  2621 | D:3      | Noticed Ijyb
  2625 | D:3      | Killed Ijyb
  2626 | D:3      | Reached skill level 5 in Spellcasting
  3085 | D:3      | Reached skill level 1 in Evocations
  3820 | D:4      | Reached XP level 7. HP: 36/36 MP: 10/15
  4093 | D:4      | Reached skill level 1 in Invocations
  4324 | D:4      | Killed Duvessa
  4324 | D:4      | Killed Dowan
  4325 | D:4      | Reached skill level 8 in Conjurations
  4328 | D:4      | Reached XP level 8. HP: 41/41 MP: 6/16
  4682 | D:5      | Entered Level 5 of the Dungeon
  4875 | D:5      | Reached skill level 5 in Evocations
  5062 | D:5      | Noticed Grinder
  5075 | D:5      | Killed Grinder
  5479 | D:5      | Gained mutation: Your flesh is cold resistant. (rC+)
                  | [evolution]
  5835 | D:6      | Reached skill level 5 in Dodging
  5841 | D:6      | Learned a level 5 spell: Blade Hands
  5844 | D:6      | Learned a level 2 spell: Wereblood
  5849 | D:6      | Learned a level 4 spell: Fulminant Prism
  5882 | D:6      | Reached skill level 1 in Transmutations
  5930 | D:6      | Found Igeciaga's Armour Shoppe.
  6088 | D:6      | Reached XP level 9. HP: 39/45 MP: 1/17
  6301 | D:6      | Found a snail-covered altar of Cheibriados.
  6350 | D:6      | Found a runed translucent gate.
  6350 | D:6      | Found a runed translucent gate.
  6350 | D:6      | Found a runed translucent gate.
  6386 | D:6      | Noticed Eustachio
  6406 | D:6      | Killed Eustachio
  6775 | D:6      | Noticed jasper's ghost (novice OpCj)
  7178 | D:7      | HP: 1/43 [wight/+0 trident (7)]
  7178 | D:7      | Slain by a wight

Illustrated notes

Levels and vault maps discovered:
D:1:      lemuel_arrival_lava_pool, layout_basic, wad_floor_pattern_2
D:2:      layout_basic, uniq_sigmund
D:3:      layout_loops_ring, grunt_ministairs_15, uniq_ijyb
D:4:      layout_basic, uniq_robin, uniq_duvessa
D:5:      layout_loops_ring, uniq_grinder
D:6:      layout_loops_ring, serial_shops, shop_statue, gammafunk_ghost_icy,
          amcnicky_altar_gilded, uniq_eustachio
D:7:      layout_basic, minmay_temple_entry_antechambers, uniq_pikel

Skill      XL: |  1  2  3  4  5  6  7  8  9 |
---------------+----------------------------+-----
Conjurations   | 6 7 8 |  8.7
Spellcasting   | 4 5 |  5.1
Evocations     | 2 3 5 |  5.0
Invocations    | 1 4 |  4.0
Dodging        | 3 5 |  5.0
Transmutations | 1 3 |  3.3
Stealth        | |  2.0

Action                   |  1- 3 |  4- 6 |  7- 9 || total
-------------------------+-------+-------+-------++-------
Melee: Dagger            |       |     5 |     1 ||     6
       Kick              |       |     1 |       ||     1
 Cast: Magic Dart        |    51 |   112 |   101 ||   264
       Searing Ray       |     3 |     7 |    20 ||    30
 Abil: Evoke Flight      |     2 |       |       ||     2
  Use: Potion            |     2 |       |       ||     2
       Scroll            |       |     5 |       ||     5
Armor: Robe              |       |       |     2 ||     2
Dodge: Dodged            |    11 |     5 |    23 ||    39

Table legend: (Time is in decaauts)
 A = Elapsed time spent in this place.
 B = Non-inter-level travel time spent in this place.
 C = Inter-level travel time spent in this place.
 D = Time resting spent in this place.
 E = Time spent auto-exploring this place.
 F = Levels seen in this place.
 G = Mean time per level.
                   A        B        C        D        E       F      G
               +--------+--------+--------+--------+--------+-----+--------+
         Total |   7177 |   6985 |    192 |      0 |   6251 |   7 | 1025.3 |
       Dungeon |   7177 |   6985 |    192 |      0 |   6251 |   7 | 1025.3 |
               +--------+--------+--------+--------+--------+-----+--------+

Top non-repeatable levels by time:
     D:6: 1377 daAuts
     D:4: 1370 daAuts
     D:2: 1167 daAuts
     D:3: 1133 daAuts
     D:5: 1105 daAuts
     D:1: 1009 daAuts
     D:7: 13 daAuts
